 Dungeon Crawl Stone Soup version 0.29.1-15-g9cfb28693d (webtiles) character file.

Game seed: 11669814205201145298

7090 Andrakon the Cleaver (level 10, -2/94 HPs)
             Began as a Minotaur Fighter on Apr 3, 2023.
             Was an Elder of Trog.
             Slain by a death knight
             ... wielding a +2 great sword
              (15 damage)
             ... on level 9 of the Dungeon.
             The game lasted 00:33:38 (9328 turns).

Andrakon the Cleaver (Minotaur Fighter)             Turns: 9328, Time: 00:33:38

Health: -2/94      AC: 16    Str: 25    XL:     10   Next: 84%
Magic:  9/9        EV:  6    Int:  5    God:    Trog [****..]
Gold:   416        SH: 10    Dex: 10    Spells: 9/9 levels left

rFire   . . .      SeeInvis .   a - +1 war axe (spect)
rCold   + . .      Faith    +   B - +0 kite shield
rNeg    . . .      Spirit   .   l - +0 plate armour
rPois   .          Reflect  .   (helmet restricted)
rElec   .          Harm     .   (no cloak)
rCorr   .          Rampage  .   A - +0 pair of gloves
Will    .....                   (no boots)
Stlth   ..........              u - amulet of faith
HPRegen 0.25/turn               m - ring of protection from cold
MPRegen 0.11/turn               (no ring)

@: mighty, on berserk cooldown, slowed, very slow
A: horns 2, retaliatory headbutt
a: Renounce Religion, Berserk, Trog's Hand, Brothers in Arms


You were on level 9 of the Dungeon.
You worshipped Trog.
Trog was greatly pleased with you.
You visited 2 branches of the dungeon, and saw 10 of its levels.

You collected 573 gold pieces.
You spent 157 gold pieces at shops.

Inventory:

Hand Weapons
 a - a +1 spectral war axe (weapon)
 c - a +1 mace of holy wrath
 r - a +0 war axe
 C - a +0 whip of electrocution
Missiles
 f - 6 boomerangs (quivered)
 h - 35 poisoned darts
 y - a throwing net
Armour
 l - a +0 plate armour (worn)
 A - a +0 pair of gloves (worn)
 B - a +0 kite shield (worn)
Jewellery
 m - a ring of protection from cold (left hand)
 u - an amulet of faith (around neck)
 w - a ring of poison resistance
Wands
 b - a wand of light (19)
 D - a wand of iceblast (8)
Scrolls
 e - a scroll of identify
 g - 2 scrolls of teleportation
 n - 2 scrolls of fog
 o - a scroll of enchant armour
 p - a scroll of noise {unknown}
 t - 2 scrolls of amnesia {unknown}
 z - a scroll of vulnerability {unknown}
Potions
 d - 3 potions of might
 i - 2 potions of flight
 j - 2 potions of attraction {unknown}
 k - a potion of berserk rage {unknown}
 q - 3 potions of heal wounds
 s - a potion of ambrosia {unknown}
 v - 7 potions of curing
 x - a potion of degeneration {unknown}
 E - a potion of mutation {unknown}
 F - 2 potions of invisibility


   Skills:
 + Level 10.7 Fighting
 + Level 11.3 Axes
 + Level 10.7 Armour
 + Level 9.5 Shields


You had 9 spell levels left.
You didn't know any spells.
Your spell library contained the following spells:

 Spells                   Type           Power      Damage    Failure   Level
 Summon Small Mammal      Summ           0%         N/A       100%        1
 Call Canine Familiar     Summ           0%         N/A       100%        3
 Summon Guardian Golem    Hex/Summ       0%         N/A       100%        3


Dungeon Overview and Level Annotations

Branches:
Dungeon (9/15)             Temple (1/1) D:4            Lair (0/5) D:8
    Orc: D:9-12

Altars:
Ashenzari
Cheibriados
Dithmenos
Elyvilon
Fedhas
Gozag
Hepliaklqana
Kikubaaqudgha
Makhleb
Nemelex Xobeh
Okawaru
Qazlal
Ru
Sif Muna
Trog
Uskayaw
Vehumet
Wu Jian
Xom
Yredelemnul
Zin
The Shining One

Shops:
D:1 *[   D:4 ?   D:5 [   D:8 *[

Annotations:
D:2 Sigmund


Innate Abilities, Weirdness & Mutations

You have a pair of horns on your head.
You reflexively headbutt those who attack you in melee.


Message History

The death knight is heavily wounded.
The death knight hits you with a +2 great sword.
You barely miss the death knight. You headbutt the death knight!
The death knight is severely wounded.
The death knight reflects your damage back at you!
The death knight hits you with a +2 great sword!!
* * * LOW HITPOINT WARNING * * *
The death knight drinks a potion.
The death knight is healed!
You closely miss the death knight.
You headbutt the death knight, but do no damage.
The death knight is moderately wounded.
The death knight's dark mirror aura disappears.
You block the death knight's attack.
The death knight hits you with a +2 great sword!
* * * LOW HITPOINT WARNING * * *
Okay, then.
You feel much better.
The howler monkey hoots and howls with incredible vigour!
The death knight hits you with a +2 great sword!
* * * LOW HITPOINT WARNING * * *
You feel very mighty all of a sudden.
The death knight calls down the wrath of Yredelemnul upon you.
Your body is wracked with pain!
* * * LOW HITPOINT WARNING * * *
You block the death knight's attack.
You hit the death knight but do no damage.
Your headbutt misses the death knight.
The death knight is moderately wounded.
The howler monkey hoots and howls with incredible vigour!
The death knight hits you but does no damage.
You hear a shout!
You closely miss the death knight.
The death knight is moderately wounded.
The death knight hits you with a +2 great sword.
* * * LOW HITPOINT WARNING * * *
You block the death knight's attack.
You hit the death knight.
The death knight is moderately wounded.
The death knight hits you with a +2 great sword!
You die...

....#...###..).#...###...#
'####...# ###).##...#...##
.#...#..######.###.....##
.#............[# ##...##
.....#####'##### ###+##
.#...#...#.#...##..
.....#.#.....#.#h.
.#...#..##.##..#p#
.#...##.#.#.#.##@# .....+
..# #...'.#
.#...##.#.#.#.##.#
.#...#..##.##..#.#
.#...#.#.....#.#..
.....#...#.#...##..
.#...#####'##### ###
.#.............#
......######...#


You could see a death knight and a howler monkey.

Vanquished Creatures
  A centaur warrior (D:9)
  A two-headed ogre (D:9)
  A deep elf pyromancer (D:9)
  An ugly thing (D:9)
  The ghost of ShinQuickMan the Thaumaturge, a novice DECA of Ignis (D:7)
  Joseph (D:8)
  An unseen horror (D:7)
  A hornet (D:7)
  A wraith (D:9)
  A steam dragon (D:8)
  A wyvern (D:9)
  Menkaure (D:5)
  A water moccasin (D:7)
  3 orc warriors (D:9)
  A sky beast (D:7)
  3 ice beasts
  An ogre (D:5)
  3 phantoms
  5 bullfrogs
  5 kobold brigands
  2 necrophages (D:6)
  3 gnoll sergeants
  4 scorpions
  6 killer bees (D:9)
  3 electric eels (D:9)
  A hound (D:6)
  4 jellies
  3 iguanas
  9 orc wizards
  Ijyb (D:5)
  10 gnolls
  8 adders
  A white imp (D:7)
  An ufetubus (D:6)
  A worm (D:2)
  3 dart slugs
  26 orcs
  5 endoplasms
  5 giant cockroaches
  6 goblins
  7 hobgoblins
  8 jackals
  4 quokkas
  4 ball pythons (D:1)
  9 bats
  5 frilled lizards
  19 kobolds
  9 rats
201 creatures vanquished.

Vanquished Creatures (others)
  An orc (D:9)
1 creature vanquished.

Grand Total: 202 creatures vanquished

Notes
Turn   | Place    | Note
-------+----------+-------------------------------------------
     0 | D:1      | Andrakon the Minotaur Fighter began the quest for the Orb.
     0 | D:1      | Reached XP level 1. HP: 19/19 MP: 0/0
    53 | D:1      | Found Rarownir's Armour Boutique.
   116 | D:1      | Reached XP level 2. HP: 27/27 MP: 1/1
   180 | D:1      | Found Novyduops's General Store.
   624 | D:1      | Reached skill level 3 in Axes
   680 | D:1      | Reached XP level 3. HP: 33/33 MP: 2/2
  1052 | D:2      | Noticed Sigmund
  2372 | D:3      | Found a faded altar of an unknown god.
  2424 | D:3      | Reached XP level 4. HP: 32/40 MP: 3/3
  2742 | D:3      | Found a shimmering blue altar of Sif Muna.
  2815 | D:4      | Found a staircase to the Ecumenical Temple.
  2828 | Temple   | Entered the Ecumenical Temple
  2837 | Temple   | Became a worshipper of Trog the Wrathful
  2991 | D:4      | Noticed a phantom
  3005 | D:4      | Killed a phantom
  3006 | D:4      | Reached skill level 4 in Axes
  3006 | D:4      | Reached XP level 5. HP: 47/47 MP: 4/4
  3046 | D:4      | Found Pili's Magic Scroll Boutique.
  3055 | D:4      | Bought a scroll of enchant armour for 90 gold pieces
  3154 | D:4      | Found a shimmering altar of Xom.
  3155 | D:4      | Found a hazy altar of Hepliaklqana.
  3156 | D:4      | Noticed a spectral ugly thing
  3156 | D:4      | Noticed a yak
  3341 | D:5      | Entered Level 5 of the Dungeon
  3366 | D:5      | Reached skill level 5 in Armour
  3369 | D:5      | Reached skill level 5 in Fighting
  3369 | D:5      | Reached skill level 5 in Axes
  3375 | D:5      | Reached XP level 6. HP: 36/56 MP: 5/5
  3600 | D:5      | Noticed Menkaure
  3613 | D:5      | Found a burning altar of Makhleb.
  3642 | D:5      | Reached * piety under Trog
  3651 | D:5      | Killed Menkaure
  3652 | D:5      | Reached skill level 6 in Axes
  3658 | D:5      | Noticed Ijyb
  3808 | D:5      | Killed Ijyb
  4065 | D:5      | Noticed an ice beast
  4122 | D:5      | Reached XP level 7. HP: 53/62 MP: 6/6
  4637 | D:5      | Reached skill level 7 in Axes
  4673 | D:5      | Found Gonwess's Armour Shoppe.
  4862 | D:5      | Bought a +0 pair of gloves for 67 gold pieces
  5480 | D:6      | Reached XP level 8. HP: 48/71 MP: 7/7
  5701 | D:6      | Reached skill level 8 in Axes
  5723 | D:6      | Reached ** piety under Trog
  5813 | D:6      | Reached skill level 5 in Shields
  6568 | D:7      | Noticed a hornet
  6570 | D:7      | Paralysed by a hornet for 2 turns
  6574 | D:7      | Killed a hornet
  6575 | D:7      | Reached skill level 9 in Axes
  6575 | D:7      | Reached XP level 9. HP: 66/81 MP: 8/8
  6702 | D:7      | Found a hide-covered altar of Uskayaw.
  6718 | D:7      | Killed an unseen horror
  7022 | D:7      | Noticed ShinQuickMan's ghost (novice DECA)
  7025 | D:7      | Found a runed translucent door.
  7043 | D:7      | Killed ShinQuickMan's ghost
  7104 | D:7      | Reached *** piety under Trog
  7224 | D:8      | Noticed Joseph
  7234 | D:8      | Killed Joseph
  7388 | D:8      | Reached skill level 10 in Axes
  7748 | D:8      | Found Pualo's Overcharged Wands.
  7839 | D:8      | Found Qeity's Antique Armour Shop.
  7932 | D:8      | Found a staircase to the Lair.
  8310 | D:9      | Reached XP level 10. HP: 86/91 MP: 9/9
  8810 | D:9      | Reached **** piety under Trog
  9093 | D:9      | Noticed a brown ugly thing
  9101 | D:9      | Killed a brown ugly thing
  9102 | D:9      | Reached skill level 10 in Armour
  9108 | D:9      | Reached skill level 10 in Fighting
  9167 | D:9      | Noticed a two-headed ogre
  9179 | D:9      | Killed a two-headed ogre
  9180 | D:9      | Reached skill level 11 in Axes
  9303 | D:9      | Noticed a deep elf pyromancer
  9303 | D:9      | Noticed a centaur warrior
  9306 | D:9      | Killed a deep elf pyromancer
  9307 | D:9      | Noticed a death knight
  9313 | D:9      | Killed a centaur warrior
  9328 | D:9      | Slain by a death knight

Illustrated notes

Levels and vault maps discovered:
D:1:      lightli_arrival_noodles, layout_loops_ring, serial_shops, shop_statue,
          nicolae_shop_advertising_works [nicolae_subvault_shop_adworks]
D:2:      layout_loops_ring, minmay_door_square, grunt_decor_clamped,
          uniq_sigmund
D:3:      layout_basic, lemuel_coloured_pillars_altar,
          ebering_ecumenical_altar_ruins
D:4:      nicolae_cairo_tiling_large_dashed, layout_rooms,
          regret_index_temple_of_mockery, serial_shops, shop_scrolls
D:5:      layout_gridville, old_standard_altar, serial_shops,
          nicolae_shop_competitors_out_of_business, serial_rivers,
          chequers_serial_rivers_room_a, chequers_serial_rivers_small_a,
          chequers_serial_rivers_small_3, chequers_serial_rivers_small_a,
          chequers_serial_rivers_small_a, chequers_serial_rivers_micro_a,
          uniq_menkaure, uniq_ijyb
D:6:      layout_cave_pools
D:7:      layout_gridville, mainiacjoe_overflow_chevrons,
          hellmonk_ghost_happy_afterlife, feat_on_display
D:8:      layout_loops_ring, lair_entry_dummy, serial_shops,
          nicolae_shop_behind_doors, roderic_st_hans_cross,
          kennysheep_nondescript, nicolae_shop_overcharged_wands, uniq_joseph
D:9:      minmay_the_grid_plus [minmay_the_grid_odd_star,
          minmay_the_grid_outer_diamond, minmay_the_grid_tree,
          minmay_the_grid_armoury, minmay_the_grid_prize_inner_circle],
          layout_basic, chequers_serial_rivers_small_3,
          kennysheep_generic_room_11
Temple:   sentei_temple_godly_chess

Skill      XL: |  1  2  3  4  5  6  7  8  9 10 |
---------------+-------------------------------+-----
Armour         | 4 5 6 8 9 10 | 10.7
Shields        | 4 6 8 9 |  9.5
Fighting       | 4 5 6 8 9 10 | 10.7
Axes           | 3 4 5 6 7 9 10 11 | 11.3

Action                   |  1- 3 |  4- 6 |  7- 9 | 10-12 || total
-------------------------+-------+-------+-------+-------++-------
Melee: War axe           |   111 |    85 |   196 |    80 ||   472
       Headbutt          |    13 |    13 |    37 |    18 ||    81
Throw: Dart              |       |     4 |     5 |       ||     9
       Boomerang         |       |       |     3 |       ||     3
Invok: Berserk           |       |       |     2 |     3 ||     5
  Use: Scroll            |       |     5 |     5 |       ||    10
       Potion            |       |       |       |     2 ||     2
 Stab: Distracted        |       |       |     2 |       ||     2
Armor: Scale mail        |    62 |    14 |       |       ||    76
       Plate armour      |       |    34 |    96 |    30 ||   160
Dodge: Dodged            |    74 |    35 |    28 |    19 ||   156
Block: Buckler           |    31 |    15 |     6 |       ||    52
       Kite shield       |       |       |    58 |    33 ||    91
